AoeStats
← Tavok42

Hideout

508480325Analyzed
1v1 RM · 8d ago on Sep 22, 2026· 62m 10s· 2 players
Game mode
Random Map
Map size
Tiny (2 player)
Population
200
Speed
Normal
Resources
Standard
Victory
Conquest
Starting age
Dark Age
Ending age
Imperial Age
RankedLock teamsTeams togetherTeam positionsShared explorationLock speedFull tech treeHidden civsTurbo modeCheats
Victory
Defeat
🇺🇸 Sicilians · United States
1153
+17
🇪🇸 Teutons · Spain
1173
-17
Tavok42
7:08 Loom
9:21 Feudal Age
12:45 Double-Bit Axe
13:23 Horse Collar
13:38 Town Watch
16:29 Wheelbarrow
21:42 Castle Age
20:25 Stone Mining
20:26 Gold Mining
20:52 Scale Barding Armor
21:27 Fletching
22:33 Bow Saw
25:16 Heavy Plow
25:17 Arson
25:39 Squires
26:34 Scale Mail Armor
27:45 Bodkin Arrow
29:15 Bloodlines
29:05 Husbandry
29:22 Forging
30:08 Hand Cart
30:46 Town Patrol
35:40 Imperial Age
35:41 Gold Shaft Mining
36:32 Onager
36:37 Cavalier
37:24 Scale Barding Armor
37:55 Iron Casting
38:10 Conscription
38:04 Hauberk
38:37 Chain Barding Armor
40:03 Plate Barding Armor
40:04 Iron Casting
41:35 Light Cavalry
43:41 Blast Furnace
43:49 Hoardings
43:40 Ballistics
44:27 Chemistry
43:37 Masonry
43:33 Siege Engineers
44:00 Bracer
44:15 Chain Mail Armor
44:59 Crop Rotation
45:29 Capped Ram
47:23 Plate Mail Armor
47:41 Siege Ram
48:55 First Crusade
47:56 Elite Serjeant
48:59 First Crusade
52:00 Heavy Scorpion
56:15 Arrowslits
56:32 Murder Holes
63:07 Stone Shaft Mining
Por el conquistador
2:32 Loom
11:50 Feudal Age
22:13 Castle Age
20:25 Double-Bit Axe
20:44 Stone Mining
21:26 Horse Collar
21:40 Gold Mining
24:35 Bow Saw
24:28 Heavy Plow
26:48 Fortified Wall
34:39 Imperial Age
35:03 Stone Shaft Mining
35:57 Wheelbarrow
36:27 Chemistry
35:53 Conscription
36:41 Bloodlines
38:05 Hand Cart
39:17 Masonry
40:07 Ballistics
40:58 Squires
41:00 Scale Mail Armor
41:11 Forging
42:31 Chain Mail Armor
41:53 Pikeman
42:59 Elite Teutonic Knight
44:34 Iron Casting
44:12 Town Watch
43:52 Halberdier
59:23 Capped Ram
61:00 Arson
Connection lost

Rejoining the realm…

Still unreachable

The connection could not be restored.

Session expired

The server has moved on; the page needs a fresh start.